 Seeded DCSS version 0.28.0-47-ge53b351184 (webtiles) character file.

Game seed: 456246474790873087 (custom seed)

94 NinjaNoafa the Stinger (level 4, -2/36 HPs)
             Began as a Draconian Venom Mage on May 2, 2022.
             Frozen to death by an endoplasm (4 damage)
             ... on level 2 of the Dungeon.
             The game lasted 00:02:53 (1415 turns).

NinjaNoafa the Stinger (Draconian Venom Mage)       Turns: 1415, Time: 00:02:54

Health: -2/36      AC: -6    Str:  7 (10) XL:     4   Next: 38%
Magic:  1/7        EV: 12    Int: 17      God:
Gold:   32         SH:  0    Dex: 11 (12) Spells: 6/7 levels left

rFire   . . .      SeeInvis .   g - staff of poison
rCold   . . .      Faith    .   (no shield)
rNeg    . . .      Spirit   .   (armour unavailable)
rPois   +          Reflect  .   (helmet restricted)
rElec   .          Harm     .   (no cloak)
rCorr   .          Rampage  .   h - +0 pair of gloves
Will    .....                   (no boots)
Stlth   ++........              (no amulet)
HPRegen 0.12/turn               (no ring)
MPRegen 0.10/turn               (no ring)

@: brilliant, corroded, slowed, very slow
A: AC +5, unfitting armour, cold-blooded
a: no special abilities


You were on level 2 of the Dungeon.
You visited 1 branch of the dungeon, and saw 2 of its levels.

You collected 32 gold pieces.

Inventory:

Missiles
 b - 41 stones
Armour
 h - a +0 pair of gloves (worn)
Magical Staves
 g - a staff of poison (weapon)
Scrolls
 a - 2 scrolls of identify {unknown}
 c - a scroll of immolation {unknown}
 e - a scroll of summoning {unknown}
 i - a scroll of teleportation {unknown}


   Skills:
 + Level 1.7 Fighting
 - Level 2.1 Dodging
 - Level 2.1 Stealth
 - Level 2.2 Spellcasting
 - Level 1.4 Transmutations
 + Level 3.7 Poison Magic
 + Level 1.5 Evocations


You had 6 spell levels left.
You knew the following spells:

 Your Spells              Type           Power      Damage    Failure   Level
a - Sting                 Tmut/Pois      96%        1d7       6%          1

Your spell library contained the following spells:

 Spells                   Type           Power      Damage    Failure   Level
 Poisonous Vapours        Pois/Air       36%        N/A       13%         2
 Mephitic Cloud           Conj/Pois/Air  13%        N/A       34%         3
 Olgreb's Toxic Radiance  Pois           33%        N/A       38%         4


Dungeon Overview and Level Annotations

Branches:
Dungeon (2/15)

Altars:


Innate Abilities, Weirdness & Mutations

Your plain brown scales are hard. (AC +5)
You cannot fit into any form of body armour.
You are cold-blooded and may be slowed by cold attacks.


Message History

The endoplasm freezes you.
You are frozen.
You feel yourself slow down.
You feel your intelligence returning.
You have reached level 4!
You feel agile.
You completely miss the endoplasm.
Your tail-slap misses the endoplasm.
The endoplasm is heavily wounded.
You feel yourself speed up. The endoplasm freezes you.
You are frozen.
You feel yourself slow down. The endoplasm hits you.
* * * LOW HITPOINT WARNING * * *
The endoplasm closely misses you.
Casting: Sting (safe; 6% risk of failure)
Confirm with . or Enter, or press ? or * to list all spells.
Aiming: Sting (safe; 6% risk of failure)
Press: ? - help, Shift-Dir - straight line, f/p - endoplasm
Aim: an endoplasm (moderately wounded, poisoned, 98% to hit)
You feel a strong surge of power!
The sting hits the endoplasm.
The endoplasm partially resists.
The endoplasm is severely wounded.
The endoplasm hits you.
* * * LOW HITPOINT WARNING * * *
The endoplasm hits you.
* * * LOW HITPOINT WARNING * * *
The endoplasm hits you.
* * * LOW HITPOINT WARNING * * *
The endoplasm barely misses you.
Things that are here:
a +0 short sword; a kobold corpse
Casting: Sting (safe; 6% risk of failure)
Confirm with . or Enter, or press ? or * to list all spells.
Aiming: Sting (safe; 6% risk of failure)
Press: ? - help, Shift-Dir - straight line, f/p - endoplasm
Aim: an endoplasm (almost dead, poisoned, 98% to hit)
You feel a strong surge of power!
The sting hits the endoplasm.
The endoplasm partially resists.
You kill the endoplasm!
The endoplasm freezes you.
You are frozen.
You die...

..# #.# #.# ###### #.#
##########.....J
#.####......##'.÷...P
#..##.......#.#..J.÷.
#..'........#)#÷PP..P
###..'@J......#J#.J.J..
###########....)......#'#J#PP.÷.P
...†......†....##.....#.#.#...J÷.
....[...^.....####....#.#.#..PPP.
...........)..# #######J##J.÷÷J)
.........)....# ###
..........)...###
................#
.###..>.......†.#


You could see an endoplasm.

Vanquished Creatures
  2 jellies (D:2)
  A dart slug (D:1)
  2 endoplasms
  4 goblins (D:1)
  4 hobgoblins
  4 bats (D:1)
  2 frilled lizards (D:1)
  11 kobolds
  2 rats (D:2)
32 creatures vanquished.

Vanquished Creatures (others)
  A fungus (D:2)
  6 toadstools (D:2)
7 creatures vanquished.

Grand Total: 39 creatures vanquished

Notes
Turn   | Place    | Note
-------+----------+-------------------------------------------
     0 | D:1      | NinjaNoafa the Draconian Venom Mage began the quest for the
                  | Orb.
     0 | D:1      | Reached XP level 1. HP: 14/14 MP: 3/3
   326 | D:1      | Reached XP level 2. HP: 17/20 MP: 1/5
   750 | D:1      | Found a faded altar of an unknown god.
  1276 | D:2      | Reached XP level 3. HP: 25/26 MP: 1/6
  1392 | D:2      | Reached skill level 1 in Fighting
  1392 | D:2      | Reached skill level 1 in Evocations
  1412 | D:2      | Reached XP level 4. HP: 15/36 MP: 2/7
  1415 | D:2      | Frozen to death by an endoplasm

Illustrated notes

Levels and vault maps discovered:
D:1:      minmay_arrival_shattered_statue, layout_loops_ring,
          hellmonk_ecumenical_altar_heavens_door
D:2:      cheibrodos_fertilizer, layout_basic, serial_shops, nicolae_shop_trees,
          minivault_25

Skill      XL: |  1  2  3 |
---------------+----------+-----
Stealth        | 2 |  2.1
Dodging        | 2 |  2.1
Fighting       | 1 |  1.7
Evocations     | 1 |  1.5
Spellcasting   | |  2.2
Transmutations | |  1.4
Poison Magic   | |  3.7

Action                   |  1- 3 |  4- 6 || total
-------------------------+-------+-------++-------
Melee: Unarmed           |    26 |       ||    26
       Staff             |    15 |     1 ||    16
       Tailslap          |     1 |       ||     1
 Cast: Sting             |    40 |     2 ||    42
  Use: Potion            |     3 |       ||     3
Armor: Skin              |    13 |       ||    13
Dodge: Dodged            |    55 |     2 ||    57
